Map: Neon Violet Square LE

Players

Amedis - Winner!

  • Race: Zerg Zerg
  • League: Platinum
  • Spawn Location: 5:00

IMPERATOR

  • Race: Zerg Zerg
  • League: Platinum
  • Spawn Location: 11:00

VOD

Have the link to the VOD?

Description

Time

  • Played on: Feb. 11, 2018, 5:56 a.m.
  • Length: 6:14
Show
View Real Time Build Order
Export as new Build Order

Amedis Zerg - Winner!

Build Orders: Pool First, Zergling Baneling 

Get SALT Encoding   

  12  0:18  Spawning Pool  
  11  0:23  Drone  
  12  0:28  Drone  
  12  0:33  Drone  
  14  0:39  Extractor  
  14  0:40  Drone  
  14  0:49  Overlord  
  14  1:07  Queen  
  14  1:08  Zergling x2  
  14  1:09  Zergling x2  
  18  1:17  Zergling x2  
  19  1:32  Baneling Nest  
  18  1:34  Zergling x2  
  19  1:48  Overlord  
  19  1:57  Zergling x2  
  20  2:11  Zergling x2  
  20  2:12  Zergling x2  
  22  2:23  Zergling x4  
  22  2:24  Zergling x2  
  25  2:30  Baneling x2  
  21  2:51  Zergling x4  
  21  2:52  Zergling x2  
  23  3:03  Baneling x4  
  23  3:05  Zergling x2  
  24  3:14  Metabolic Boost  
  24  3:16  Zergling x2  
  22  3:36  Zergling x4  
  22  3:50  Zergling x6  
  22  4:13  Zergling x4  
  24  4:33  Baneling x4  
  24  4:34  Baneling x2  
  24  4:35  Baneling x2  
  24  4:36  Zergling x4  
  26  5:05  Hatchery  
  22  5:27  Zergling x10  
  23  5:35  Drone  
  21  5:50  Spine Crawler  
  21  5:54  Zergling x2  
Show
View Real Time Build Order
Export as new Build Order

IMPERATOR Zerg 

Build Orders: Hatch First 

Get SALT Encoding   

  12  0:01  Drone  
  13  0:09  Drone  
  14  0:18  Overlord  
  14  0:36  Drone  
  14  0:37  Drone x2  
  17  0:50  Drone  
  18  0:57  Hatchery  
  17  1:12  Spawning Pool  
  17  1:13  Drone  
  17  1:17  Drone  
  18  1:20  Drone  
  18  1:24  Extractor  
  18  1:30  Drone  
  19  1:43  Overlord  
  19  1:54  Drone  
  19  1:59  Queen  
  22  2:03  Zergling x2  
  23  2:14  Zergling x4  
  25  2:22  Zergling x2  
  25  2:28  Zergling x2  
  22  3:02  Spine Crawler  
  20  3:07  Zergling x4  
  20  3:08  Drone x3  
  25  3:14  Evolution Chamber  
  25  3:15  Evolution Chamber  
  25  3:18  Evolution Chamber  
  11  3:49  Zergling x2  
  11  3:50  Drone x3  
  12  4:16  Zergling x2  
  13  4:17  Zergling x4  
  15  4:32  Baneling Nest  
  15  4:37  Drone x2  
  16  4:40  Drone  
  17  4:52  Queen  
    5:50  Zergling x4  
    5:51  Zergling x6  
Tags
 
Add a new tag
Caveats
  • Supply blocks, unpowered buildings, or Contaminate may cause inaccurate times.
  • Supply counts are checked every 10 seconds.